 Dungeon Crawl Stone Soup version 0.24.0-1-gfbc8707122 (webtiles) character file.

Game seed: 2417169604262305039, levelgen mode: deterministic

1293343 MisterOstroum the Conqueror (level 27, -1/273 HPs)
             Began as a Minotaur Berserker on Oct 26, 2019.
             Was the Champion of the Shining One.
             Slain by Mennas
             ... wielding a +2 trishula of holy wrath
              (14 damage)
             ... on level 3 of the Tomb of the Ancients.
             The game lasted 06:21:30 (109738 turns).

MisterOstroum the Conqueror (Minotaur Berserker)  Turns: 109738, Time: 06:21:31

Health: -1/273     AC: 45    Str: 32    XL:     27
Magic:  33/39      EV: 20    Int:  5    God:    the Shining One [******]
Gold:   3883       SH: 17    Dex: 12    Spells: 26/26 levels left

rFire    + + .     SeeInvis +   b - +5 bardiche (holy)
rCold    + + +     Gourm    .   (shield currently unavailable)
rNeg     + + +     Faith    .   t - +3 gold dragon scales
rPois    +         Spirit   .   l - -2 hat of the Alchemist {rElec rPois rF+ rC+ rN+ MR+ rMut rCorr}
rElec    +         Reflect  .   m - +2 cloak {MR+}
rCorr    +         Harm     .   s - +2 pair of gloves
rMut     +         Clarity  +   g - +2 pair of boots {Fly}
MR       +++++                  Q - amulet of the Four Winds {rN+ MR+++ Clar}
Stlth    ..........             X - ring of Koatt {rPois rC+ SInv}
HPRegen  0.00/turn              i - +5 ring of protection
MPRegen  0.26/turn

@: lethally poisoned (-1 -> -33), divine shield, marked, flying, slightly
contaminated, non-regenerating, diseased, slowed, glowing, silenced, very slow
A: retaliatory headbutt, horns 2, clarity, subdued magic 1
}: 14/15 runes: decaying, serpentine, slimy, silver, iron, obsidian, icy, bone,
abyssal, demonic, glowing, magical, fiery, dark
a: Renounce Religion, Stop Flying


You were on level 3 of the Tomb of the Ancients.
You worshipped the Shining One.
The Shining One was exalted by your worship.
You were not hungry.

You visited 18 branches of the dungeon, and saw 86 of its levels.
You visited Pandemonium 3 times, and saw 24 of its levels.
You visited the Abyss 4 times.
You visited 1 bazaar.
You also visited: Trove, Sewer, Bailey and Desolation.

You collected 13506 gold pieces.
You spent 2820 gold pieces at shops.
You donated 6803 gold pieces to Zin.

Inventory:

Hand Weapons
 a - a +9 antimagic executioner's axe
 b - a +5 bardiche of holy wrath (weapon)
Missiles
 h - a throwing net {!f}
 j - 15 javelins (quivered)
 B - 2 boomerangs of dispersal
Armour
 g - a +2 pair of boots of flying (worn)
 l - the -2 hat of the Alchemist (worn) {rElec rPois rF+ rC+ rN+ MR+ rMut rCorr}
   (You found it in the Desolation of Salt)

   It protects you from fire.
   It protects you from cold.
   It insulates you from electricity.
   It protects you from poison.
   It protects you from negative energy.
   It affects your resistance to hostile enchantments.
   It provides partial protection from all sources of acid and corrosion.
   It protects you from mutation.
 m - a +2 cloak of magic resistance (worn)
 s - a +2 pair of gloves (worn)
 t - +3 gold dragon scales (worn)
Jewellery
 f - the ring of Honesty {+Inv rF+ rN+ MR+ Str+3}
   (You found it in a treasure trove)

   [ring of protection from magic]

   It affects your strength (+3).
   It protects you from fire.
   It protects you from negative energy.
   It affects your resistance to hostile enchantments.
   It lets you turn invisible.
 i - a +5 ring of protection (right hand)
 w - the ring "Kauff" {+Blink rElec MR+ Str+5}
   (You took it off a skeletal warrior on level 1 of the Tomb of the Ancients)

   [ring of strength]

   It affects your strength (+5).
   It insulates you from electricity.
   It affects your resistance to hostile enchantments.
   It lets you blink.
 x - an uncursed ring of ice {unknown}
 Q - the amulet of the Four Winds (around neck) {rN+ MR+++ Clar}
   (You found it on level 9 of the Dungeon)

   [amulet of nothing]

   It protects you from negative energy.
   It affects your resistance to hostile enchantments.
   It protects you against confusion.
 X - the ring of Koatt (left hand) {rPois rC+ SInv}
   (You found it in Pandemonium)

   [ring of see invisible]

   It protects you from cold.
   It protects you from poison.
   It lets you see invisible.
Wands
 o - a wand of iceblast (18)
 u - a wand of enslavement (23)
 y - a wand of acid (16)
 J - a wand of scattershot (5)
 O - a wand of paralysis (29)
 R - a wand of digging (19)
Scrolls
 n - 39 scrolls of remove curse {@r2}
 r - a scroll of magic mapping {@r5 !r}
 D - 6 scrolls of fear {!r}
 E - a scroll of brand weapon
 F - 16 scrolls of immolation
 G - a scroll of summoning
 M - 15 scrolls of identify {@r1}
 S - 7 scrolls of silence
Potions
 v - a potion of mutation
 H - a potion of agility {@q5 !q}
 K - a potion of cancellation
 P - 4 potions of curing {@q1 !q}
 W - 6 potions of heal wounds {@q2 !q}
 Z - 5 potions of resistance
Miscellaneous
 c - a box of beasts
 k - 2 sacks of spiders
 q - a lamp of fire
 C - a phial of floods
 I - a lightning rod (4/4)
 V - a phantom mirror
Comestibles
 e - 37 rations


   Skills:
 O Level 27 Fighting
 - Level 25.3(27) Axes
 - Level 23.0(27) Polearms
 + Level 7.3 Throwing
 O Level 27 Armour
 O Level 27 Dodging
 O Level 27 Invocations
 O Level 27 Evocations


You had 26 spell levels left.
You didn't know any spells.
Your spell library contained the following spells:

 Spells                   Type           Power        Failure   Level  Hunger
 Corona                   Hex            #......      92%         1    ##.....
 Flame Tongue             Conj/Fire      #....        92%         1    ##.....
 Magic Dart               Conj           #...         92%         1    ##.....
 Sandblast                Erth           #.....       92%         1    ##.....
 Shock                    Conj/Air       #...         92%         1    ##.....
 Sting                    Conj/Pois      #...         92%         1    ##.....
 Summon Butterflies       Summ           #.......     92%         1    ##.....
 Summon Small Mammal      Summ           #...         92%         1    ##.....
 Call Imp                 Summ           #.......     98%         2    ###....
 Corpse Rot               Necr           N/A          98%         2    ###....
 Ensorcelled Hibernation  Hex/Ice        #.....       98%         2    ###....
 Passwall                 Tmut/Erth      #.......     98%         2    ###....
 Searing Ray              Conj           #.....       98%         2    ###....
 Slow                     Hex            #.......     98%         2    ###....
 Swiftness                Chrm/Air       #.......     98%         2    ###....
 Throw Frost              Conj/Ice       #.....       98%         2    ###....
 Conjure Flame            Conj/Fire      #.......     100%        3    ####...
 Dazzling Spray           Conj/Hex       #.....       100%        3    ####...
 Gell's Gravitas          Tloc           #.........   100%        3    ####...
 Inner Flame              Hex/Fire       #.......     100%        3    ####...
 Portal Projectile        Hex/Tloc       #.....       100%        3    ####...
 Spider Form              Tmut/Pois      #.........   100%        3    ####...
 Static Discharge         Conj/Air       #.......     100%        3    ####...
 Stone Arrow              Conj/Erth      #.....       100%        3    ####...
 Airstrike                Air            #.........   100%        4    #####..
 Cause Fear               Hex            #.........   100%        4    #####..
 Force Lance              Conj/Tloc      #.......     100%        4    #####..
 Fulminant Prism          Conj/Hex       #.........   100%        4    #####..
 Iskenderun's Mystic Bla  Conj           #.......     100%        4    #####..
 Leda's Liquefaction      Hex/Erth       #.........   100%        4    #####..
 Petrify                  Tmut/Erth      #.......     100%        4    #####..
 Summon Ice Beast         Ice/Summ       #.......     100%        4    #####..
 Summon Lightning Spire   Summ/Air       #.......     100%        4    #####..
 Agony                    Necr           #.......     100%        5    ######.
 Alistair's Intoxication  Tmut/Pois      #.......     100%        5    ######.
 Borgnjor's Vile Clutch   Necr/Erth      #.........   100%        5    ######.
 Excruciating Wounds      Chrm/Necr      #.........   100%        5    ######.
 Lee's Rapid Deconstruct  Erth           #.........   100%        5    ######.
 Lightning Bolt           Conj/Air       #.........   100%        5    ######.
 Silence                  Hex/Air        #.........   100%        5    ######.
 Summon Forest            Summ/Tloc      #.........   100%        5    ######.
 Summon Mana Viper        Hex/Summ       #.......     100%        5    ######.
 Yara's Violent Unravell  Hex/Tmut       #.........   100%        5    ######.
 Bolt of Fire             Conj/Fire      #.........   100%        6    #######
 Darkness                 Hex            #.........   100%        6    #######
 Death Channel            Necr           #.........   100%        6    #######
 Deflect Missiles         Chrm/Air       #.........   100%        6    #######
 Dispersal                Tloc           #.........   100%        6    #######
 Freezing Cloud           Conj/Ice/Air   #.........   100%        6    #######
 Hydra Form               Tmut           #.........   100%        6    #######
 Shadow Creatures         Summ           N/A          100%        6    #######
 Statue Form              Tmut/Erth      #........    100%        6    #######
 Dragon Form              Tmut           #.........   100%        7    #######
 Orb of Destruction       Conj           #.........   100%        7    #######
 Summon Hydra             Summ           #.........   100%        7    #######
 Controlled Blink         Tloc           N/A          100%        8    #######
 Discord                  Hex            #.........   100%        8    #######
 Disjunction              Tloc           #.........   100%        8    #######
 Ignition                 Fire           #.........   100%        8    #######
 Dragon's Call            Summ           #.........   100%        9    #######
 Shatter                  Erth           #.........   100%        9    #######
 Tornado                  Air            #.........   100%        9    #######


Dungeon Overview and Level Annotations

Branches:
Dungeon (15/15)            Temple (1/1) D:4            Lair (6/6) D:10
  Swamp (4/4) Lair:2        Snake (4/4) Lair:2        Slime (5/5) Lair:6
    Orc (2/2) D:9             Elf (2/3) Orc:2        Vaults (5/5) D:14
  Crypt (3/3) Vaults:3       Tomb (3/3) Crypt:3      Depths (5/5) D:15
   Hell (visited)             Dis (7/7) Hell            Geh (7/7) Hell
    Coc (7/7) Hell            Tar (7/7) Hell            Zot (2/5) Depths:5
  Sewer (visited)          Bailey (visited)         Desolation (visited)

Altars:
Ashenzari
Cheibriados
Dithmenos
Elyvilon
Fedhas
Gozag
Hepliaklqana
Kikubaaqudgha
Makhleb
Nemelex Xobeh
Okawaru
Qazlal
Ru
Sif Muna
Trog
Uskayaw
Vehumet
Wu Jian
Xom
Yredelemnul
Zin
The Shining One
Beogh
Jiyva

Shops:
D:5 *   Orc:2 =%}(   Elf:2 !   Vaults:1 (   Vaults:2 (   Vaults:5 ?%[%
Depths:2 (

Portals:
Hell: Depths:1 Depths:2 Depths:3 Depths:4 Depths:5
Abyss: Depths:4
Pandemonium: Depths:3 Depths:4
Ziggurat: Depths:4

Annotations:
D:4 2 runed translucent doors, yogakurto's ghost, novice HaMo
D:12 1 runed translucent door, Xqipyl's ghost, journeyman GrFE
Lair:2 1 runed translucent door, exclusion: oklob plant, Zoobame's ghost, journeyman DEWz
Lair:5 2 runed translucent doors, Plazmod's ghost, journeyman DECj
Lair:6 1 runed translucent door, Curus's ghost, journeyman MiFi
Snake:1 Roxanne
Orc:1 2 runed translucent doors, exclusion: orange crystal statue
Elf:1 3 runed translucent doors, Hiliwumm's ghost, veteran MiGl
Tomb:1 2 exclusions
Tomb:3 Mennas
Coc:7 exclusion: ice statue


Innate Abilities, Weirdness & Mutations

You reflexively headbutt those who attack you in melee.
You have a pair of horns on your head.
You possess an exceptional clarity of mind.
Your spells are a little easier to cast, but a little less powerful.


Message History

You destroy the guardian mummy!
The Shining One accepts your kill.
The guardian mummy convulses!
The death scarab convulses!
You destroy the death scarab!
The Shining One accepts your kill.
You feel better.
The skeletal warrior convulses!
The greater mummy convulses!
You feel extremely nervous for a moment...
You feel as though you will be slow longer.
You feel horribly lethargic.
You are engulfed in dark miasma.
You are more poisoned.
You feel very sick. You block the death scarab's attack.
A death scarab comes into view.
The death scarab is lost in a daze.
Mennas hits you but does no damage. Mennas misses you.
You block the death scarab's attack.
A death scarab comes into view.
The bennu pecks you but does no damage. You block the bennu's attack.
The bennu claws you. The greater mummy hits you!
The greater mummy gestures wildly while chanting.
The greater mummy is lost in a daze.
The skeletal warrior is lost in a daze.
The death scarab is lost in a daze.
The mummy priest is lost in a daze.
Mennas closely misses you. Mennas hits you but does no damage.
The greater mummy is lost in a daze.
The mummy priest hits you! You block the ushabti's attack.
The bennu pecks you but does no damage. The bennu claws you but does no damage.
The bennu completely misses you.
The greater mummy hits you but does no damage.
The greater mummy is lost in a daze.
The guardian mummy is lost in a daze.
The greater mummy is lost in a daze.
The mummy priest calls on the powers of darkness!
The bennu convulses!
Mennas convulses!
Your body is wracked with pain!
* * * LOW HITPOINT WARNING * * *
The bennu convulses!
The mummy priest is engulfed in freezing vapours.
The ice devil is lost in a daze.
Really quaff
W - 7 potions of heal wounds {@q2 !q}?
You feel much better.
You are engulfed in dark miasma.
* * * LOW HITPOINT WARNING * * *
You feel very sick. You block the death scarab's attack.
The sixfirhy is lost in a daze.
The death scarab bites you.
* * * LOW HITPOINT WARNING * * *
The sixfirhy is lost in a daze.
The death scarab is lost in a daze.
Mennas gestures frantically.
Mennas's surroundings become eerily quiet.
The bennu pecks you but does no damage. The bennu claws you but does no damage.
You block the bennu's attack.
A death scarab comes into view.
The death scarab misses you.
The vampire is lost in a daze.
The eight-headed hydra zombie is lost in a daze.
Mennas hits you but does no damage. x2; The mummy priest hits you!
* * * LOW HITPOINT WARNING * * *
The bennu pecks you but does no damage. The bennu claws you!
* * * LOW HITPOINT WARNING * * *
The bennu claws you but does no damage. You block the greater mummy's attack.
The ushabti hits you but does no damage.
The guardian mummy is lost in a daze.
The ice devil is lost in a daze.
You block the death scarab's attack.
The mummy priest is engulfed in freezing vapours.
The vampire is lost in a daze.
The mummy priest misses you. You furiously retaliate!
You headbutt the mummy priest! Mennas hits you but does no damage. x2
You slice the mummy priest!!
You destroy the mummy priest!
The Shining One accepts your kill.
You feel better.
The sixfirhy disappears in a puff of smoke!
You feel extremely nervous for a moment...
Your body is wracked with pain!
* * * LOW HITPOINT WARNING * * *
x2 You feel sick.
The death scarab is lost in a daze.
The bennu pecks you but does no damage. The bennu misses you.
You block the bennu's attack.
The death scarab is lost in a daze.
The greater mummy is lost in a daze.
The ushabti shakes and rattles.
The vile air hits the mummy priest but does no damage.
The vile air hits you but does no damage.
You block the bennu's attack. The bennu barely misses you.
The bennu claws you but does no damage. The ushabti hits you.
* * * LOW HITPOINT WARNING * * *
The greater mummy is lost in a daze.
The orange demon is lost in a daze.
Mennas hits you but does no damage. x2; The death scarab is lost in a daze.
The mummy priest is lost in a daze.
Unknown command.
Unknown command.
You slash the greater mummy!
The greater mummy convulses!
You headbutt the greater mummy!
The greater mummy is moderately damaged.
You are engulfed in dark miasma.
You feel as though you will be slow longer.
* * * LOW HITPOINT WARNING * * *
x2 You feel sick.
The hungry ghost disappears in a puff of smoke!
The death scarab is lost in a daze. x2
The bennu jubilantly flits about.
You block the bennu's attack. The bennu claws you!
* * * LOW HITPOINT WARNING * * *
The bennu claws you but does no damage.
The greater mummy hits you but does no damage.
The greater mummy is lost in a daze.
Mennas hits you from afar with a +2 trishula of holy wrath!
You die...

#############
###......M8@MM###
#........ZbssAzM##
........8M4Ls34n.#
...4.....zM.MMVW†##
....#####$8MsMV.).#
.. ##.M##M.......#
##..§.8Mb......#
##.....8zM..##..#
##.M.§...§.####..#


You could see 4 greater mummies, Mennas, an ancient lich (dazed), 2 bennus, 3
mummy priests, 2 skeletal warriors, a jiangshi, a soul eater (dazed), an orange
demon (dazed), 5 guardian mummies, 5 ushabtiu, an ice devil (dazed), a hungry
ghost, a vampire (dazed), 4 death scarabs, a necrophage, a mummy, a wight and an
eight-headed hydra zombie (dazed).

Vanquished Creatures
  Cerebov (Pan)
  Antaeus (Coc:7)
  the Royal Jelly (Slime:5)
  Gloorx Vloq (Pan)
  Ereshkigal (Tar:7)
  A seraph (Pan)
  Mnoleg (Pan)
  Lom Lobon (Pan)
  Dispater (Dis:7)
  Khufu (Crypt:1)
  6 ancient liches
  20 greater mummies
  Sojobo (Tomb:2)
  6 shard shrikes
  Margery (Depths:4)
  Bai Suzhen (Snake:4)
  Frederick (Depths:5)
  the Lernaean hydra (Swamp:4)
  Saint Roka (Depths:5)
  9 caustic shrikes
  Geryon (Hell)
  6 golden dragons
  Jory (Crypt:1)
  18 liches
  7 bone dragons
  3 doom hounds
  8 iron giants
  18 Brimstone Fiends
  5 pandemonium lords (Pan)
  20 Ice Fiends
  12 Tzitzimimeh
  14 tentacled monstrosities
  12 Hell Sentinels
  A shard shrike skeleton (Crypt:1)
  Asterion (Snake:1)
  8 titans
  Frances (D:13)
  7 quicksilver dragons
  4 death cobs (Zot:1)
  3 thorn hunters
  15 acid blobs
  7 sphinxes
  31 Executioners
  22 ancient champions
  Kirke (Snake:2)
  Agnes (D:14)
  10 storm dragons
  15 shadow dragons
  11 tentacled starspawn
  The ghost of Kipt the Spry, an adept SpFE of Dithmenos (Vaults:2)
  6 nagarajas
  22 frost giants
  10 daevas (Pan)
  Donald (Vaults:2)
  15 azure jellies
  9 tengu reavers
  4 revenants
  A draconian knight (Zot:1)
  3 curse skulls
  5 imperial myrmidons (Desolation)
  12 fire giants
  2 orc warlords (Vaults:2)
  5 deep elf sorcerers
  23 balrugs
  19 cacodemons
  8 vault wardens
  6 iron dragons
  Louise (D:14)
  A ghost moth (Zot:1)
  2 draconian scorchers
  25 angels (Pan)
  Aizul (Depths:2)
  4 warmongers (Pan)
  8 ghouls
  A draconian shifter (Depths:5)
  14 ironheart preservers
  14 war gargoyles
  51 reapers
  55 large abominations
  An elemental wellspring (Coc:1)
  3 caustic shrike skeletons (Crypt:3)
  47 stone giants
  A draconian annihilator (Pan)
  15 ophanim
  7 blood saints (Pan)
  34 very ugly things
  18 apis (Pan)
  A black draconian (Depths:5)
  3 green draconians
  2 deep elf demonologists
  An entropy weaver (Vaults:5)
  6 black suns (Pan)
  Azrael (Elf:1)
  11 vampire knights
  6 bennus
  8 corrupters (Pan)
  25 lorocyprocas
  8 spark wasps
  4 deep elf annihilators
  2 white draconians (Zot:1)
  A halazid warlock (Desolation)
  A red draconian (Depths:5)
  23 blizzard demons
  3 yellow draconians
  29 green deaths
  17 ettins
  11 fire dragons
  8 deep elf death magi
  6 eidola
  A quicksilver dragon zombie (Geh:3)
  5 jiangshi
  13 death oozes
  Snorg (Orc:1)
  7 ragged hierophants (Desolation)
  14 mummy priests
  Josephine (Orc:2)
  10 great orbs of eyes
  11 yaktaur captains
  4 deep elf high priests
  24 small abominations
  11 rakshasas
  3 hell beasts
  20 ice dragons
  15 hydras
  34 vault guards
  2 kraken zombies
  22 naga warriors
  4 monstrous demonspawn (Pan)
  3 servants of whispers (Desolation)
  6 spriggan air magi
  3 quicksilver dragon skeletons
  5 peacekeepers (Desolation)
  10 anacondas
  4 shambling mangroves
  A juggernaut simulacrum (Pan)
  2 ghost crabs
  6 catoblepae
  3 death knights
  Erica (D:9)
  18 alligators
  21 dancing weapons
  3 death yaks (D:10)
  32 death scarabs
  A two-headed ogre (shapeshifter) (Depths:1)
  18 ogre magi
  13 centaur warriors
  A deep troll shaman (Depths:1)
  50 two-headed ogres
  25 hell hogs
  A tengu warrior (Depths:2)
  Urug (Lair:2)
  8 deep troll earth magi
  4 spriggan berserkers
  8 titan zombies
  10 thrashing horrors
  6 vampire magi
  12 naga sharpshooters
  10 shock serpents
  5 orc high priests
  6 holy swine (Pan)
  Nergalle (Lair:2)
  59 sun demons
  6 storm dragon zombies
  42 soul eaters
  2 iron golems (Depths:2)
  10 titan skeletons
  6 storm dragon skeletons
  14 deep elf knights
  33 hell knights
  20 sixfirhies
  20 shadow wraiths
  13 wretched stars
  150 skeletal warriors
  28 deep trolls
  8 salamander mystics
  A ghost moth zombie (Geh:1)
  2 spatial maelstroms (Abyss:3)
  12 cherubim (Pan)
  3 golden dragon zombies (Coc:7)
  3 iron trolls
  4 spriggan druids
  2 death drakes
  18 flayed ghosts
  7 unseen horrors
  27 shadow demons
  14 deep elf archers
  8 anaconda zombies
  5 infernal demonspawn (Pan)
  A glowing orange brain (shapeshifter) (Vaults:4)
  2 shadow dragon zombies
  14 wizards
  3 torturous demonspawn (Pan)
  15 ironbrand convokers
  A lindwurm (shapeshifter) (Vaults:5)
  11 necromancers
  12 gelid demonspawn (Pan)
  5 anaconda skeletons
  14 phantasmal warriors
  A quicksilver dragon simulacrum (Coc:4)
  A harpy (shapeshifter) (Elf:1)
  8 glowing orange brains
  4 golden dragon skeletons
  11 swamp dragons
  19 orc knights
  8 naga ritualists
  6 harpies
  4 wolf spider zombies
  3 oklob plants (Snake:3)
  A sphinx zombie (Crypt:2)
  2 wolf spiders
  3 frost giant zombies
  8 mana vipers
  8 orc sorcerers
  6 shining eyes
  44 ugly things
  9 shadow dragon skeletons
  2 manticores
  A salamander (shapeshifter) (Depths:4)
  24 cyclopes
  61 deep elf magi
  8 stone giant zombies
  14 salamanders
  6 iron dragon zombies
  3 iron dragon skeletons
  4 fire giant zombies
  7 worldbinders
  A shock serpent zombie (Crypt:2)
  9 moths of wrath
  7 fire giant skeletons
  8 frost giant skeletons
  Maurice (Orc:1)
  2 ice statues (Hell)
  5 eyes of devastation
  4 apocalypse crabs
  53 rust devils
  3 stone giant skeletons
  28 black mambas
  A storm dragon simulacrum (Coc:7)
  12 vault sentinels
  10 spiny frogs
  3 dire elephant zombies
  A torpor snail (Swamp:1)
  42 orange demons
  17 molten gargoyles
  53 smoke demons
  2 gargoyles
  9 guardian serpents
  15 naga magi
  7 rime drakes
  3 shock serpent skeletons
  A spiny frog (shapeshifter) (Vaults:2)
  3 emperor scorpion zombies
  29 hellions
  9 dire elephant skeletons
  A kobold demonologist (D:13)
  37 yaktaurs
  A green draconian zombie (Crypt:3)
  17 demonic crawlers (Pan)
  21 freezing wraiths
  8 komodo dragons
  17 efreet
  5 tengu conjurers
  An anaconda simulacrum (Coc:7)
  A komodo dragon (shapeshifter) (Vaults:4)
  32 red devils
  50 tormentors
  A death yak skeleton (Crypt:3)
  A catoblepas skeleton (Tar:7)
  8 ancient zymes
  31 guardian mummies
  A jumping spider (shapeshifter) (Depths:2)
  3 silent spectres
  17 hydra zombies
  2 meliai (shapeshifter)
  A merfolk (shapeshifter) (Depths:2)
  32 ice devils
  16 hellwings
  9 trolls
  3 harpy zombies
  21 tyrant leeches
  19 hornets
  Grinder (D:3)
  16 polar bears
  3 harpy skeletons
  An ice dragon zombie (Tomb:1)
  37 saltlings (Desolation)
  A queen bee (D:8)
  15 bog bodies
  33 blink frogs
  3 fire dragon zombies
  101 slime creatures
  6 ettin zombies
  7 hydra skeletons
  2 iron dragon simulacra
  26 raiju
  7 dream sheep
  14 hippogriffs
  A redback (Vaults:5)
  135 flying skulls
  3 vampires (Vaults:3)
  13 ettin skeletons
  12 ushabtiu
  A black mamba zombie (Dis:5)
  4 fire dragon skeletons
  38 ynoxinuls
  18 spriggans
  2 air elementals (Elf:2)
  6 alligator skeletons
  18 shadows
  12 water elementals
  6 ice dragon skeletons
  28 wraiths
  6 alligator zombies
  Sigmund (D:2)
  23 fire elementals
  A hog (shapeshifter) (Vaults:1)
  A black mamba skeleton (Geh:7)
  5 fire bats
  8 golden eyes
  A hog (Snake:2)
  10 wyverns
  36 yaks
  4 basilisks (Lair:5)
  A basilisk (shapeshifter) (Depths:2)
  Grum (Lair:1)
  18 chaos spawn
  18 neqoxecs
  4 spatial vortices (Abyss:3)
  6 hungry ghosts
  17 vampire mosquitoes
  4 wargs
  4 insubstantial wisps (Abyss:1)
  19 swamp worms
  4 merfolk skeletons
  2 acid dragons
  77 nagas
  53 hell hounds
  12 spiny frog zombies
  3 hydra simulacra
  10 water moccasins
  2 human skeletons
  4 floating eyes
  58 orc warriors
  15 swamp drakes
  8 sky beasts
  10 spiny frog skeletons
  6 porcupines
  5 snapping turtle zombies
  A black bear (shapeshifter) (Depths:1)
  17 black bears
  2 swamp dragon zombies
  9 eyes of draining
  19 necrophages
  9 ice beasts
  8 phantoms
  36 wolves
  46 ogres
  A manticore zombie (Dis:7)
  A human zombie (Vaults:3)
  A dream sheep skeleton (Crypt:2)
  11 boggarts
  23 centaurs
  2 manticore skeletons
  4 swamp dragon skeletons
  10 crocodiles
  A rime drake zombie (Crypt:3)
  4 snapping turtle skeletons
  4 big kobolds
  15 bullfrogs
  A gnoll sergeant (D:12)
  4 earth elementals
  2 elf skeletons
  A spiny frog simulacrum (Coc:2)
  2 wyvern zombies
  A hornet simulacrum (D:14)
  2 wyvern skeletons
  A troll zombie (Dis:7)
  7 scorpions
  20 killer bees
  A spriggan skeleton (Crypt:2)
  4 electric eels
  102 wights
  5 howler monkeys
  A bullfrog zombie (D:5)
  A human simulacrum (Vaults:3)
  5 centaur zombies
  7 crimson imps
  29 starcursed masses
  5 jellies
  7 quasits
  8 hounds
  A basilisk skeleton (Crypt:3)
  36 orc priests
  2 bullfrog skeletons
  2 centaur skeletons
  34 orc wizards
  19 iron imps
  Jessica (D:3)
  A demonspawn skeleton (Crypt:3)
  Ijyb (D:3)
  Terence (D:3)
  An iguana (D:11)
  15 worker ants
  An acid dragon zombie (Crypt:2)
  A tengu zombie (Abyss:3)
  A hound zombie (D:5)
  A naga skeleton (Pan)
  A demigod skeleton (Crypt:3)
  A hound skeleton (D:8)
  52 mummies
  2 worker ant zombies
  Robin (D:2)
  6 gnolls
  A river rat (D:4)
  17 adders
  A howler monkey skeleton (D:5)
  10 shadow imps
  13 white imps
  2 ufetubi (Abyss:3)
  An adder zombie (D:7)
  2 adder skeletons
  An iguana skeleton (Crypt:1)
  6 worms
  2 dart slugs
  4 leopard geckos
  159 orcs
  10 giant cockroaches
  21 goblins
  10 hobgoblins
  12 jackals
  20 kobolds
  5 quokkas
  4 ball pythons
  14 bats
  9 frilled lizards
  A jackal zombie (Crypt:1)
  A kobold skeleton (Geh:7)
  A leopard gecko zombie (D:5)
  10 rats
  A rat zombie (Crypt:1)
  12 briar patches
  A bush (Lair:6)
  4 crawling corpses (Depths:3)
  A demonic plant (Pan)
  2 fire vortices (Geh:7)
  A fungus (Lair:6)
  5 plants
  14 starspawn tentacles
5043 creatures vanquished.

Vanquished Creatures (collateral kills)
  Asmodeus (Geh:7)
  4 greater mummies
  2 Tzitzimimeh (Tar:7)
  2 liches
  An Ice Fiend (Coc:7)
  An acid blob (Slime:5)
  An eldritch tentacle (Coc:7)
  An ancient champion (Tomb:2)
  A shadow dragon (Tar:7)
  A revenant (Tomb:1)
  A daeva (Pan)
  A reaper (Tar:7)
  An elemental wellspring (Coc:7)
  A stone giant (Vaults:2)
  2 apis (Pan)
  An ophan (Pan)
  4 bennus (Tomb:2)
  4 mummy priests (Tomb:2)
  A yaktaur captain (Vaults:5)
  2 ice dragons (Coc:7)
  An orc high priest (Vaults:2)
  A death scarab (Tomb:3)
  A vampire mage (Tar:7)
  A titan zombie (Coc:7)
  A shadow wraith (Tar:7)
  2 hell knights (Dis:7)
  5 skeletal warriors
  A shadow demon (Tar:7)
  A stone giant zombie (Tar:7)
  A fire giant zombie (Tar:7)
  A shining eye (Slime:4)
  An eye of devastation (Slime:4)
  A dire elephant skeleton (Tomb:3)
  A freezing wraith (Coc:7)
  2 tormentors
  4 guardian mummies
  3 ice devils (Coc:7)
  A hydra zombie (Coc:7)
  2 ushabtiu
  A hungry ghost (Tar:7)
  A gelid demonspawn zombie (Tomb:2)
  A manticore zombie (Tar:7)
  An orc warrior (Vaults:2)
  A necrophage (Tar:7)
  A swamp dragon skeleton (Coc:7)
  2 mummies
  A white imp (Coc:7)
  An orc (Vaults:2)
74 creatures vanquished.

Vanquished Creatures (others)
  A tentacled monstrosity (Vaults:5)
  4 eldritch tentacles
  A very ugly thing (Depths:5)
  A green death (Pan)
  A rakshasa (Pan)
  2 deep elf knights
  A ghost moth zombie (Tar:7)
  A sixfirhy (Pan)
  A deep elf archer (Elf:2)
  A deep elf mage (Elf:2)
  A faun (shapeshifter) (Vaults:5)
  An ugly thing (Depths:5)
  A hellwing (Pan)
  A tormentor (Coc:7)
  A hydra zombie (Geh:7)
  A spriggan (Swamp:4)
  6 humans (Snake:2)
  2 hell hounds
  A black bear (Zot:1)
  4 wights
  A white imp (Coc:7)
  A bush (Abyss:1)
  A demonic plant (Pan)
  9 fungi
  11 pillars of salt
  22 plants
  16 starspawn tentacles
  8 tentacles (Coc:1)
  9 toadstools (Lair:5)
111 creatures vanquished.

Grand Total: 5228 creatures vanquished

Notes
Turn   | Place    | Note
-------+----------+-------------------------------------------
     0 | D:1      | MisterOstroum the Minotaur Berserker began the quest for
                  | the Orb.
     0 | D:1      | Reached XP level 1. HP: 19/19 MP: 0/0
   170 | D:1      | Reached XP level 2. HP: 24/27 MP: 1/1
   613 | D:1      | Found a sparkling altar of Nemelex Xobeh.
   641 | D:1      | Reached XP level 3. HP: 33/33 MP: 2/2
   900 | D:2      | Reached ** piety under Trog
   921 | D:2      | Reached XP level 4. HP: 41/41 MP: 3/3
  1007 | D:2      | Noticed Robin
  1037 | D:2      | Killed Robin
  1081 | D:2      | Noticed Sigmund
  1522 | D:3      | Noticed Terence
  1540 | D:3      | Reached skill level 5 in Fighting
  1540 | D:3      | Reached skill level 5 in Polearms
  1540 | D:3      | Reached XP level 5. HP: 47/48 MP: 4/4
  1577 | D:3      | Killed Terence
  1577 | D:3      | Reached skill level 1 in Evocations
  1593 | D:3      | Noticed Jessica
  1599 | D:3      | Killed Jessica
  1640 | D:3      | Noticed Ijyb
  1640 | D:3      | Noticed Grinder
  1719 | D:2      | Killed Sigmund
  1719 | D:2      | Reached *** piety under Trog
  1719 | D:2      | Reached XP level 6. HP: 56/56 MP: 6/6
  1782 | D:2      | Found an iron altar of Okawaru.
  2139 | D:3      | Found a shimmering blue altar of Sif Muna.
  2178 | D:3      | Found an ornate altar of the Wu Jian Council.
  2404 | D:3      | Killed Grinder
  2404 | D:3      | Reached XP level 7. HP: 61/61 MP: 8/8
  2485 | D:3      | Found a shimmering altar of Xom.
  2485 | D:3      | Found a sacrificial altar of Ru.
  2517 | D:3      | Killed Ijyb
  2884 | D:4      | Found a radiant altar of Vehumet.
  2932 | D:4      | Found a runed translucent door.
  2934 | D:4      | Noticed yogakurto's ghost (novice HaMo)
  2955 | D:4      | Found a staircase to the Ecumenical Temple.
  3094 | D:4      | Found a glowing drain.
  3111 | Sewer    | Entered a sewer
  3177 | Sewer    | Reached **** piety under Trog
  3233 | Sewer    | Received a gift from Trog
  3823 | D:4      | Found a runed translucent door.
  3912 | D:5      | Entered Level 5 of the Dungeon
  3913 | D:5      | Found Epraz's General Store.
  3935 | D:5      | Reached XP level 8. HP: 58/70 MP: 9/9
  3952 | D:5      | Bought a potion of resistance for 120 gold pieces
  3952 | D:5      | Bought a scroll of immolation for 42 gold pieces
  3952 | D:5      | Bought a scroll of remove curse for 36 gold pieces
  4070 | D:5      | Found a snail-covered altar of Cheibriados.
  4446 | D:5      | Noticed a +0 hand axe
  4447 | D:5      | Found a hide-covered altar of Uskayaw.
  4448 | D:5      | Noticed a +0 dagger
  4722 | D:6      | Reached skill level 5 in Armour
  5927 | D:7      | Reached skill level 5 in Dodging
  6185 | D:7      | Reached XP level 9. HP: 71/79 MP: 10/10
  6526 | D:7      | Reached ***** piety under Trog
  6582 | D:7      | Found a glowing golden altar of the Shining One.
  6751 | D:8      | Reached skill level 10 in Polearms
  6990 | D:8      | Noticed a queen bee
  7028 | D:8      | Killed a queen bee
  8063 | D:8      | Found a glowing golden altar of the Shining One.
  8063 | D:8      | Found a shadowy altar of Dithmenos.
  8154 | D:9      | Reached XP level 10. HP: 88/88 MP: 12/12
  8160 | D:9      | Reached skill level 5 in Evocations
  8195 | D:9      | Found the amulet of the Four Winds {rN+ MR+++ Clar}
  9044 | D:9      | Received a gift from Trog
  9346 | D:9      | Noticed a two-headed ogre
  9351 | D:9      | Killed a two-headed ogre
  9351 | D:9      | Reached skill level 1 in Axes
  9561 | D:9      | Found a staircase to the Orcish Mines.
  9767 | Orc:1    | Entered Level 1 of the Orcish Mines
  9778 | Orc:1    | Noticed Erica
  9832 | Orc:1    | Noticed Snorg
  9867 | D:9      | Killed Erica
  9867 | D:9      | Reached skill level 10 in Fighting
 10044 | Orc:1    | Killed Snorg
 10044 | Orc:1    | Reached XP level 11. HP: 100/100 MP: 14/14
 10263 | Orc:1    | Noticed Maurice
 10273 | Orc:1    | Killed Maurice
 10287 | Orc:1    | Found a runed translucent door.
 10310 | Orc:1    | Found a runed translucent door.
 10310 | Orc:1    | Noticed an orange crystal statue
 10711 | Orc:2    | Entered Level 2 of the Orcish Mines
 10820 | Orc:1    | Noticed an orc sorcerer
 10832 | Orc:1    | Killed an orc sorcerer
 10925 | Orc:1    | Noticed an orc sorcerer
 10978 | Orc:1    | Killed an orc sorcerer
 11442 | D:10     | Entered Level 10 of the Dungeon
 11713 | D:10     | Received a gift from Trog
 11726 | D:10     | Reached skill level 10 in Armour
 11878 | D:10     | Found a staircase to the Lair.
 11908 | D:10     | Reached ****** piety under Trog
 12076 | Lair:1   | Entered Level 1 of the Lair of Beasts
 12178 | Lair:1   | Found a sacrificial altar of Ru.
 12191 | Lair:1   | Noticed Grum
 12210 | Lair:1   | Killed Grum
 12837 | Lair:2   | Noticed Nergalle
 12850 | Lair:2   | Killed Nergalle
 13137 | Lair:2   | Found a staircase to the Swamp.
 13164 | Lair:2   | Noticed Urug
 13507 | Lair:2   | Reached XP level 12. HP: 112/112 MP: 16/16
 13571 | Lair:2   | Killed Urug
 13996 | Lair:2   | Found a staircase to the Snake Pit.
 14016 | Lair:2   | Received a gift from Trog
 14415 | Lair:2   | Found a runed translucent door.
 14416 | Lair:2   | Found a shimmering altar of Xom.
 14416 | Lair:2   | Noticed Zoobame's ghost (journeyman DEWz)
 14891 | Lair:3   | Noticed a catoblepas
 14896 | Lair:3   | Reached skill level 5 in Axes
 14906 | Lair:3   | Killed a catoblepas
 16099 | Lair:4   | Noticed a catoblepas
 16105 | Lair:4   | Killed a catoblepas
 16108 | Lair:4   | Reached XP level 13. HP: 123/123 MP: 18/18
 16843 | Lair:5   | Received a gift from Trog
 16866 | Lair:5   | Found a runed translucent door.
 17152 | Lair:5   | Found a runed translucent door.
 17859 | Lair:5   | Noticed Plazmod's ghost (journeyman DECj)
 18222 | Lair:6   | Entered Level 6 of the Lair of Beasts
 18222 | Lair:6   | Found a staircase to the Slime Pits.
 18226 | Lair:6   | Reached skill level 10 in Axes
 18239 | Lair:6   | Reached skill level 10 in Dodging
 18517 | Lair:6   | Found a runed translucent door.
 18518 | Lair:6   | Identified the +8 trident "Ocearghu" {venom, rElec}
 18519 | Lair:6   | Noticed Curus's ghost (journeyman MiFi)
 18559 | Lair:6   | Received a gift from Trog
 19944 | Lair:6   | Reached XP level 14. HP: 133/133 MP: 20/20
 20637 | Lair:6   | Received a gift from Trog
 20791 | Slime:1  | Entered Level 1 of the Pits of Slime
 20919 | Lair:6   | Reached skill level 15 in Fighting
 21389 | D:10     | Reached skill level 10 in Evocations
 21795 | D:11     | Found a flagged portal.
 21820 | Bailey   | Entered a bailey
 22016 | Bailey   | Received a gift from Trog
 23826 | Orc:2    | Noticed Josephine
 23827 | Orc:2    | Found a staircase to the Elven Halls.
 23832 | Orc:2    | Killed Josephine
 23897 | Orc:2    | Received a gift from Trog
 24387 | Orc:2    | Found Pakie's Weapon Emporium.
 24387 | Orc:2    | Found Qanexic's Gadget Emporium.
 24388 | Orc:2    | Found Otopnut's Food Shop.
 24422 | Orc:2    | Found Exyuzury's Jewellery Shop.
 24960 | D:12     | Found a runed translucent door.
 24962 | D:12     | Found a shimmering altar of Xom.
 24962 | D:12     | Noticed Xqipyl's ghost (journeyman GrFE)
 24964 | D:12     | Found the +10 large shield of Ignorance {rN+ Int-4}
 24983 | D:12     | Noticed a purple very ugly thing
 24991 | D:12     | Killed a purple very ugly thing
 24991 | D:12     | Reached XP level 15. HP: 145/145 MP: 21/21
 25478 | D:13     | Received a gift from Trog
 25778 | D:13     | Reached skill level 15 in Axes
 25820 | D:13     | Noticed Frances
 25837 | D:13     | Killed Frances
 26736 | D:14     | Noticed Louise
 26758 | D:14     | Killed Louise
 26964 | D:14     | Found a blossoming altar of Fedhas.
 27031 | D:14     | Noticed Agnes
 27036 | D:14     | Killed Agnes
 27519 | D:14     | Found a gate to the Vaults.
 27649 | D:15     | Entered Level 15 of the Dungeon
 27976 | D:15     | Found a roughly hewn altar of Beogh.
 28178 | D:15     | Found a staircase to the Depths.
 29250 | Swamp:1  | Entered Level 1 of the Swamp
 29408 | Swamp:1  | Received a gift from Trog
 29454 | Swamp:1  | Reached XP level 16. HP: 162/162 MP: 22/22
 29549 | Swamp:1  | Reached skill level 15 in Armour
 29639 | Swamp:1  | Noticed a thorn hunter
 29650 | Swamp:1  | Killed a thorn hunter
 29857 | Swamp:1  | Paralysed by a hornet for 1 turns
 29982 | Swamp:1  | You fall into a shaft and drop 1 floor!
 30152 | Swamp:1  | Identified a scroll of acquirement
 30468 | Swamp:1  | Got a coiled amber ring
 30506 | Swamp:1  | Lost intelligence.
 30506 | Swamp:1  | Identified the ring "Riamedwe" {*Tele rF++ rN+ Str+7 Int-4}
                  | (You found it on level 1 of the Swamp)
 30706 | Swamp:2  | Noticed a thorn hunter
 30719 | Swamp:2  | Killed a thorn hunter
 30882 | Swamp:2  | Received a gift from Trog
 31782 | Swamp:3  | Found a shimmering blue altar of Sif Muna.
 32134 | Swamp:4  | Entered Level 4 of the Swamp
 32576 | Swamp:4  | Noticed the 27-headed Lernaean hydra
 32580 | Swamp:3  | Received a gift from Trog
 32746 | Swamp:4  | Killed the 27-headed Lernaean hydra
 32746 | Swamp:4  | Reached XP level 17. HP: 171/171 MP: 23/23
 33258 | Swamp:4  | Got a decaying rune of Zot
 33631 | Snake:1  | Entered Level 1 of the Snake Pit
 33642 | Snake:1  | Noticed Asterion
 33660 | Snake:1  | Killed Asterion
 33714 | Snake:1  | Found an opulent altar of Gozag.
 34024 | Snake:1  | Noticed Roxanne
 34874 | Snake:2  | Noticed Kirke
 34879 | Snake:2  | Killed Kirke
 34879 | Snake:2  | Received a gift from Trog
 36253 | Snake:3  | Received a gift from Trog
 36373 | Snake:3  | Reached XP level 18. HP: 169/182 MP: 24/24
 36985 | Snake:4  | Entered Level 4 of the Snake Pit
 37819 | Snake:4  | Noticed Bai Suzhen
 37834 | Snake:4  | Killed Bai Suzhen
 38341 | Snake:4  | Received a gift from Trog
 38392 | Snake:4  | Reached skill level 15 in Dodging
 38795 | Snake:4  | Got a serpentine rune of Zot
 39150 | Vaults:1 | Entered Level 1 of the Vaults
 39153 | Vaults:1 | Received a gift from Trog
 39320 | Vaults:1 | Reached XP level 19. HP: 191/191 MP: 25/25
 39586 | Vaults:1 | Found Iwkefel's Antique Weapon Shoppe.
 39631 | Vaults:1 | Received a gift from Trog
 40676 | Vaults:1 | Received a gift from Trog
 41559 | Vaults:2 | Found a runed translucent gate.
 41559 | Vaults:2 | Found a runed translucent gate.
 41559 | Vaults:2 | Found a runed translucent gate.
 41559 | Vaults:2 | Noticed Kipt's ghost (adept SpFE)
 41561 | Vaults:2 | Identified the +5 great sword of Irritation {slice, MR++
                  | Int+2}
 41734 | Vaults:2 | Noticed Donald
 41743 | Vaults:2 | Killed Donald
 41779 | Vaults:2 | Found Ivudghiuc's Weapon Emporium.
 41781 | Vaults:2 | Found the +6 lightning scales {run, rElec}
 41851 | Vaults:2 | Identified the ring of the Bruised Nights {Ice rN+ Dex+2
                  | SInv}
 42270 | Vaults:2 | Found a roughly hewn altar of Beogh.
 42322 | Vaults:2 | Killed Kipt's ghost
 42512 | Vaults:3 | Received a gift from Trog
 42512 | Vaults:3 | Reached XP level 20. HP: 202/202 MP: 26/26
 42604 | Vaults:3 | Found a bloodstained altar of Trog.
 42858 | Vaults:3 | Found a staircase to the Crypt.
 43129 | Vaults:3 | Received a gift from Trog
 44727 | Vaults:5 | Entered Level 5 of the Vaults
 44773 | Vaults:5 | Received a gift from Trog
 45018 | Vaults:5 | Noticed an ancient lich
 45020 | Vaults:5 | Received a gift from Trog
 45273 | Depths:1 | Entered Level 1 of the Depths
 45299 | Depths:1 | Reached XP level 21. HP: 209/209 MP: 31/31
 45493 | Depths:1 | Reached skill level 15 in Evocations
 46062 | Depths:1 | Found a gateway to Hell.
 46185 | Depths:1 | Received a gift from Trog
 46488 | Depths:1 | Found the +2 robe of Vines {NoPotionHeal Regen+7}
 46501 | Depths:1 | Found a radiant altar of Vehumet.
 46509 | Depths:1 | Identified the +2 hat of Runeocop {rPois Str+3} (You found
                  | it on level 1 of the Depths)
 46546 | Depths:1 | Found the +2 hat of the Bear Spirit {Spirit, +Rage rN+
                  | MR++}
 46859 | Depths:2 | Noticed a caustic shrike
 46870 | Depths:2 | Killed a caustic shrike
 46890 | Depths:2 | Received a gift from Trog
 47003 | Depths:2 | Noticed a caustic shrike
 47003 | Depths:2 | Noticed a caustic shrike
 47004 | Depths:2 | Noticed a caustic shrike
 47004 | Depths:2 | Noticed a caustic shrike
 47016 | Depths:2 | Killed a caustic shrike
 47021 | Depths:2 | Killed a caustic shrike
 47021 | Depths:2 | Reached XP level 22. HP: 84/220 MP: 32/32
 47028 | Depths:2 | Killed a caustic shrike
 47031 | Depths:2 | Killed a caustic shrike
 47529 | Depths:2 | Found Mepor's Antique Weapon Shop.
 47600 | Depths:2 | Found a portal to a secret trove of treasure.
 47609 | Depths:2 | Paralysed by a floating eye for 3 turns
 47653 | Depths:2 | Paralysed by a floating eye for 2 turns
 47683 | Depths:2 | Identified Aruliypi's Guide on Companions and Evil
 47879 | Depths:2 | Identified the ring of Fefaepue {rF+ MR+}
 47970 | Depths:2 | Received a gift from Trog
 48375 | Depths:2 | Paralysed by a floating eye for 4 turns
 48533 | Depths:2 | Noticed Aizul
 48543 | Depths:2 | Killed Aizul
 48727 | Depths:2 | Noticed a golden dragon
 48771 | Depths:2 | Killed a golden dragon
 48916 | Depths:2 | Received a gift from Trog
 49256 | Depths:3 | Found a one-way gate leading to the halls of Pandemonium.
 49399 | Depths:3 | Noticed a caustic shrike
 49405 | Depths:3 | Killed a caustic shrike
 49849 | Orc:2    | Bought the ring of Fauzxixu {rElec Str-4 Int+7 Stlth-} for
                  | 417 gold pieces
 50144 | Depths:3 | Reached XP level 23. HP: 216/232 MP: 33/33
 50148 | Depths:3 | Received a gift from Trog
 51326 | Depths:4 | Noticed Margery
 51345 | Depths:4 | Killed Margery
 51549 | Depths:4 | Found a one-way gate to the infinite horrors of the Abyss.
 51611 | Depths:4 | Found a gateway to a ziggurat.
 51776 | Depths:5 | Entered Level 5 of the Depths
 51798 | Depths:5 | Received a gift from Trog
 51968 | Depths:5 | Noticed a caustic shrike
 51969 | Depths:5 | Noticed a caustic shrike
 51970 | Depths:5 | Noticed a caustic shrike
 51983 | Depths:5 | Killed a caustic shrike
 51985 | Depths:5 | Killed a caustic shrike
 51999 | Depths:5 | Killed a caustic shrike
 52012 | Depths:5 | Noticed Frederick
 52031 | Depths:5 | Killed Frederick
 52130 | Depths:5 | Noticed Saint Roka
 52159 | Depths:5 | Killed Saint Roka
 52908 | Depths:5 | Found a gate to the Realm of Zot.
 53300 | Slime:2  | Received a gift from Trog
 53309 | Slime:2  | Reached XP level 24. HP: 242/243 MP: 28/33
 53450 | Slime:4  | Received a gift from Trog
 53466 | Slime:5  | Entered Level 5 of the Pits of Slime
 53483 | Slime:5  | Gained mutation: Your body sometimes deteriorates upon
                  | taking damage. [a shining eye]
 54032 | Slime:5  | Found a viscous altar of Jiyva.
 54032 | Slime:5  | Noticed the Royal Jelly
 54059 | Slime:5  | Killed the Royal Jelly
 54094 | Slime:5  | Found the +8 mithril axe "Arga" {speed, MR+}
 54112 | Slime:5  | Got a slimy rune of Zot
 54647 | Vaults:5 | Killed an ancient lich
 54669 | Vaults:5 | Received a gift from Trog
 55182 | Vaults:5 | Identified the +9 mace of the King {flame, Int+3 Dex+2}
 55501 | Vaults:5 | Found Taelaxto's Armour Shoppe.
 55501 | Vaults:5 | Noticed an ancient lich
 55507 | Vaults:5 | Killed an ancient lich
 55507 | Vaults:5 | Reached XP level 25. HP: 255/255 MP: 33/33
 55644 | Vaults:5 | Found Syub's Food Shop.
 55687 | Vaults:5 | Found Cuamepea's Food Shop.
 55723 | Vaults:5 | Found Talulao's Magic Scroll Boutique.
 55727 | Vaults:5 | Bought a scroll of fog for 46 gold pieces
 55727 | Vaults:5 | Bought a scroll of blinking for 172 gold pieces
 55727 | Vaults:5 | Bought a scroll of fear for 80 gold pieces
 55783 | Vaults:5 | Identified the +8 battleaxe of the Spheres {holy, *Contam
                  | Dex+7}
 55865 | Vaults:5 | Got a silver rune of Zot
 55934 | Vaults:5 | Noticed an ancient lich
 55953 | Vaults:5 | Killed an ancient lich
 57049 | Temple   | Entered the Ecumenical Temple
 57055 | Temple   | Fell from the grace of Trog
 57055 | Temple   | Became a worshipper of Zin the Law-Giver
 57055 | Temple   | Reached * piety under Zin
 57055 | Temple   | Reached ** piety under Zin
 57056 | Temple   | Donated 3245 gold pieces to Zin
 57057 | Temple   | Donated 1623 gold pieces to Zin
 57058 | Temple   | Donated 811 gold pieces to Zin
 57059 | Temple   | Donated 406 gold pieces to Zin
 57060 | Temple   | Donated 203 gold pieces to Zin
 57061 | Temple   | Donated 101 gold pieces to Zin
 57062 | Temple   | Donated 51 gold pieces to Zin
 57063 | Temple   | Donated 25 gold pieces to Zin
 57063 | Temple   | Reached *** piety under Zin
 57064 | Temple   | Donated 13 gold pieces to Zin
 57065 | Temple   | Donated 6 gold pieces to Zin
 57212 | D:11     | Reached **** piety under Zin
 57355 | Vaults:1 | Reached ***** piety under Zin
 57471 | Crypt:1  | Entered Level 1 of the Crypt
 57643 | Vaults:1 | Reached ****** piety under Zin
 58446 | Crypt:1  | Reached skill level 1 in Invocations
 58558 | Crypt:1  | Noticed Khufu
 58578 | Crypt:1  | Killed Khufu
 59021 | Crypt:1  | Noticed Jory
 59043 | Crypt:1  | Killed Jory
 59055 | Crypt:1  | Reached skill level 5 in Invocations
 59860 | Crypt:2  | Lost mutation: Your body sometimes deteriorates upon taking
                  | damage. [potion of mutation]
 61004 | Depths:3 | Identified the Tome of Hexes
 61099 | Depths:4 | Voluntarily entered the Abyss.
 61578 | Depths:4 | Escaped the Abyss
 61745 | Depths:4 | Voluntarily entered the Abyss.
 61931 | Abyss:1  | Found a corrupted altar of Lugonu.
 62039 | Abyss:3  | Found a bloodstained altar of Trog.
 62121 | Abyss:3  | Reached skill level 10 in Invocations
 62226 | Abyss:3  | Paralysed by accursed screaming for 1 turns
 62234 | Abyss:3  | Paralysed by accursed screaming for 1 turns
 62301 | Abyss:3  | Found a blossoming altar of Fedhas.
 62418 | Abyss:3  | Paralysed by a floating eye for 3 turns
 62460 | Abyss:3  | Got an abyssal rune of Zot
 62732 | Abyss:3  | Reached XP level 26. HP: 256/264 MP: 33/33
 63135 | Abyss:3  | Found a corrupted altar of Lugonu.
 63159 | Depths:4 | Escaped the Abyss
 63411 | Zot:1    | Entered Level 1 of the Realm of Zot
 64650 | Depths:2 | You showed the abyssal rune of Zot to enter a treasure
                  | trove
 64651 | Trove    | Entered a treasure trove
 64654 | Trove    | Got a clouded tin amulet
 64661 | Trove    | Got a bound amber ring
 64663 | Trove    | Got a wavering bronze ring
 64667 | Trove    | Got a bound copper ring
 64671 | Trove    | Got a glittering golden amulet
 64673 | Trove    | Got a flickering silver ring
 64675 | Trove    | Got a steaming sapphire amulet
 64686 | Trove    | Got a scintillating lapis lazuli ring
 64689 | Trove    | Identified the amulet "Gucs" {+Rage rPois rC+ Str+6 Dex-5}
                  | (You found it in a treasure trove)
 64692 | Trove    | Identified the ring "Lenuh" {Fire rPois Str+6} (You found
                  | it in a treasure trove)
 64693 | Trove    | Identified the amulet "Inaptu Wyng" {Spirit rElec} (You
                  | found it in a treasure trove)
 64694 | Trove    | Identified the amulet of the Heavens {Reflect rF+ rC+ SH+5
                  | Stlth+} (You found it in a treasure trove)
 64697 | Trove    | Identified the ring of Awabyuv {Fire Str+4} (You found it
                  | in a treasure trove)
 64698 | Trove    | Identified the ring of Honesty {+Inv rF+ rN+ MR+ Str+3}
                  | (You found it in a treasure trove)
 64699 | Trove    | Identified the ring of Pimush {Ice *Corrode MP+9 Str+3}
                  | (You found it in a treasure trove)
 64700 | Trove    | Identified the ring of Xehooggo {rPois Str+4 Int-5} (You
                  | found it in a treasure trove)
 64938 | Hell     | Entered the Vestibule of Hell
 64938 | Hell     | Noticed Geryon
 66554 | Hell     | Killed Geryon
 66981 | Depths:4 | Voluntarily entered the Abyss.
 67309 | Abyss:1  | Found a corrupted altar of Lugonu.
 67408 | Abyss:1  | Reached skill level 15 in Invocations
 67730 | Abyss:1  | Reached skill level 27 in Fighting
 68102 | Depths:4 | Escaped the Abyss
 68872 | Crypt:3  | Entered Level 3 of the Crypt
 69258 | Crypt:3  | Reached XP level 27. HP: 242/273 MP: 11/33
 69763 | Crypt:3  | Found a staircase to the Tomb.
 70070 | Crypt:3  | Got a sparkling ivory ring
 70070 | Crypt:3  | Got a smoking silver ring
 70070 | Crypt:3  | Got a slimy ivory ring
 70071 | Crypt:3  | Identified the ring "Serem" {*Corrode rElec rN+ Int+6} (You
                  | found it on level 3 of the Crypt)
 70072 | Crypt:3  | Identified the ring "Hanirach" {rF++ rN+} (You found it on
                  | level 3 of the Crypt)
 70073 | Crypt:3  | Identified the ring of Untruth {*Corrode rF+++ rN+ Str+2
                  | SInv} (You found it on level 3 of the Crypt)
 70137 | Crypt:3  | Noticed an ancient lich
 70141 | Crypt:3  | Killed an ancient lich
 70945 | Crypt:3  | Got a warped pewter ring
 70946 | Crypt:3  | Identified the ring of Ycsunihivu {*Slow rElec rN+ Int+6
                  | Slay+6} (You found it on level 3 of the Crypt)
 70954 | Crypt:3  | Got a sparkling glass ring
 70956 | Crypt:3  | Identified the ring "Siqets" {rElec Dex+2} (You found it on
                  | level 3 of the Crypt)
 71553 | Elf:1    | Entered Level 1 of the Elven Halls
 71573 | Elf:1    | Found a flickering gateway to a bazaar.
 71582 | Bazaar   | Entered a bazaar
 71601 | Bazaar   | Found Nixacrof's Distillery.
 71605 | Bazaar   | Bought 2 potions of curing for 78 gold pieces
 71605 | Bazaar   | Bought a potion of might for 52 gold pieces
 71605 | Bazaar   | Bought a potion of haste for 130 gold pieces
 71605 | Bazaar   | Bought a potion of heal wounds for 65 gold pieces
 71605 | Bazaar   | Bought a potion of curing for 39 gold pieces
 71605 | Bazaar   | Bought a potion of curing for 39 gold pieces
 71605 | Bazaar   | Bought a potion of haste for 130 gold pieces
 71631 | Bazaar   | Found Fazirgh's Distillery.
 71635 | Bazaar   | Bought a potion of curing for 54 gold pieces
 71635 | Bazaar   | Bought a potion of curing for 54 gold pieces
 71635 | Bazaar   | Bought 2 potions of curing for 108 gold pieces
 71642 | Bazaar   | Found Runumar's Gadget Emporium.
 71666 | Bazaar   | Found Zap Isuv's Gadget Emporium.
 71676 | Bazaar   | Bought a wand of iceblast (9) for 143 gold pieces
 71676 | Bazaar   | Bought a wand of digging (4) for 176 gold pieces
 71676 | Bazaar   | Bought a wand of acid (8) for 264 gold pieces
 71696 | Bazaar   | Bought a wand of paralysis (3) for 50 gold pieces
 71969 | Elf:1    | Identified Eclohul's Volume of Summoning
 72225 | Elf:1    | Noticed Azrael
 72239 | Elf:1    | Killed Azrael
 72801 | Elf:1    | Found a runed translucent gate.
 72801 | Elf:1    | Found a runed translucent gate.
 72802 | Elf:1    | Found a runed translucent gate.
 72803 | Elf:1    | Noticed Hiliwumm's ghost (veteran MiGl)
 73031 | Elf:2    | Found a ruined gateway.
 73053 | Desolati | Entered the Desolation of Salt
 73283 | Desolati | Found the -2 hat of the Alchemist {rElec rPois rF+ rC+ rN+
                  | MR+ rMut rCorr}
 73309 | Desolati | Identified the Catalogue of Calling and the Mountains
 73328 | Desolati | Got a scorched bone ring
 73331 | Desolati | Identified the ring "Mixibb" {rN+ Dex+5} (You found it in
                  | the Desolation of Salt)
 73555 | Desolati | Got an ancient glass ring
 73556 | Desolati | Identified the ring of Wiworom {+Fly Int+3 Dex+2 SInv} (You
                  | found it in the Desolation of Salt)
 73560 | Desolati | Identified the Almanac of Summoning
 73569 | Desolati | Got a pair of transparent gloves
 73570 | Desolati | Identified the cursed +0 pair of gloves "Ohoqasul" {rF++
                  | Str-4 Int+6} (You found it in the Desolation of Salt)
 73729 | Desolati | Got a faintly glowing iron ring
 73732 | Desolati | Identified the ring of Cuurche {Wiz Str+7} (You found it in
                  | the Desolation of Salt)
 73735 | Desolati | Identified Arghixt's Papyrus of Ashen Stolen Souls
 74048 | Elf:2    | Found a runed translucent gate.
 74159 | Elf:2    | Found Papnicis's Distillery.
 74205 | Elf:2    | Found a runed translucent gate.
 74208 | Elf:2    | Found a runed translucent gate.
 78732 | Pan      | Entered Pandemonium
 79191 | Pan      | Identified the +5 arbalest of Siluann {freeze, rF+ Dex+6}
 80619 | Pan      | Noticed a seraph
 80634 | Pan      | Identified the cursed +2 morningstar "Hourosho" {venom,
                  | -Tele Dex+6}
 80634 | Pan      | Identified the ring of Ysian {rElec Str+3}
 80653 | Pan      | Killed a seraph
 80814 | Pan      | Was forgiven by Trog
 80934 | Pan      | Found a glowing golden altar of the Shining One.
 80944 | Pan      | Got a demonic rune of Zot
 82088 | Pan      | Reached skill level 27 in Armour
 82288 | Pan      | Identified the +12 large shield of Sunlight {rF++}
 83073 | Depths:4 | Escaped Pandemonium
 83225 | Pan      | Entered Pandemonium
 83263 | Pan      | Noticed Mumon the pandemonium lord
 83574 | Pan      | Killed Mumon the pandemonium lord
 84504 | Pan      | Entered the realm of Lom Lobon.
 85567 | Pan      | Noticed Lom Lobon
 85584 | Pan      | Killed Lom Lobon
 85618 | Pan      | Got a magical rune of Zot
 86043 | Pan      | Found an exit through the horrors of the Abyss.
 86841 | Pan      | Noticed Wilow the pandemonium lord
 86862 | Pan      | Killed Wilow the pandemonium lord
 87288 | Pan      | Entered the realm of Cerebov.
 87466 | Pan      | Identified the amulet "Ukuahateeb" {Reflect Int+2 SH+2}
 87932 | Pan      | Identified the +3 great mace of the Candelabrum {crush, rF+
                  | Str+5 Int-5}
 87932 | Pan      | Identified the +2 robe of Marbles {-Tele +Fly rF+ Dex+5}
 88167 | Pan      | Identified the +8 hand crossbow "Fietuwod" {venom, +Blink}
 88473 | Pan      | Identified the +6 sword of Cerebov {flame}
 88473 | Pan      | Noticed Cerebov
 88476 | Pan      | Identified the ring of Ewaid {*Slow rC+++ Str+4 SInv}
 89056 | Pan      | Killed Cerebov
 89072 | Pan      | Got a fiery rune of Zot
 89117 | Pan      | Got a pitted ivory ring
 89123 | Pan      | Identified the ring of Koatt {rPois rC+ SInv} (You found it
                  | in Pandemonium)
 89175 | Pan      | Identified the Compendium of Excruciating Heat
 89368 | Pan      | Found a huge runed translucent gate.
 89372 | Pan      | Found a huge runed translucent gate.
 89373 | Pan      | Found a huge runed translucent gate.
 89378 | Pan      | Found a huge runed translucent gate.
 89378 | Pan      | Found a huge runed translucent gate.
 89378 | Pan      | Found a huge runed translucent gate.
 89379 | Pan      | Found a huge runed translucent gate.
 89399 | Pan      | Noticed Nimnag the pandemonium lord
 89420 | Pan      | Killed Nimnag the pandemonium lord
 89844 | Depths:4 | Escaped Pandemonium
 90205 | Elf:2    | Bought a potion of haste for 150 gold pieces
 90205 | Elf:2    | Bought a potion of curing for 45 gold pieces
 90205 | Elf:2    | Bought a potion of heal wounds for 75 gold pieces
 90205 | Elf:2    | Bought a potion of heal wounds for 75 gold pieces
 90205 | Elf:2    | Bought a potion of agility for 60 gold pieces
 90205 | Elf:2    | Bought 2 potions of agility for 120 gold pieces
 90506 | Pan      | Entered Pandemonium
 90863 | Pan      | Found an exit through the horrors of the Abyss.
 91451 | Pan      | Entered the realm of Mnoleg.
 91487 | Pan      | Noticed Mnoleg
 91512 | Pan      | Killed Mnoleg
 91652 | Pan      | Got a glowing rune of Zot
 91725 | Pan      | Reached skill level 27 in Dodging
 91827 | Pan      | Entered the realm of Gloorx Vloq.
 92874 | Pan      | Reached skill level 15 in Polearms
 93476 | Pan      | Noticed Gloorx Vloq
 93528 | Pan      | Killed Gloorx Vloq
 93539 | Pan      | Got a dark rune of Zot
 93620 | Pan      | Noticed Laek the pandemonium lord
 94290 | Pan      | Noticed Foenios the pandemonium lord
 94308 | Pan      | Killed Foenios the pandemonium lord
 95961 | Pan      | Noticed Oskorch the pandemonium lord
 95970 | Pan      | Killed Oskorch the pandemonium lord
 96120 | Pan      | Found a runed translucent door.
 96145 | Pan      | Noticed Mevaif the pandemonium lord
 96466 | Depths:3 | Escaped Pandemonium
 96700 | D:8      | Fell from the grace of Zin
 96700 | D:8      | Became a worshipper of the Shining One
 96700 | D:8      | Reached * piety under the Shining One
 96700 | D:8      | Reached ** piety under the Shining One
 96700 | D:8      | Reached *** piety under the Shining One
 97152 | Tomb:1   | Entered Level 1 of the Tomb of the Ancients
 97315 | Tomb:1   | Reached **** piety under the Shining One
 97798 | Tomb:1   | Noticed a greater mummy
 97842 | Tomb:1   | Killed a greater mummy
 97857 | Tomb:1   | Noticed a greater mummy
 97864 | Tomb:1   | Reached ***** piety under the Shining One
 97870 | Tomb:1   | Killed a greater mummy
 97908 | Tomb:1   | Noticed a greater mummy
 97953 | Tomb:1   | Killed a greater mummy
 98641 | Hell     | Found a gateway to the Iron City of Dis.
 98689 | Hell     | Found a gateway to the ashen valley of Gehenna.
 98701 | Geh:1    | Entered Level 1 of Gehenna
 98927 | Geh:3    | Reached ****** piety under the Shining One
 99295 | Geh:7    | Entered Level 7 of Gehenna
 99787 | Geh:7    | Got an ancient bone ring
 99788 | Geh:7    | Identified the ring "Duobuu" {Ice rN++ MR+} (You found it
                  | on level 7 of Gehenna)
 99809 | Geh:7    | Identified the Incunabulum of Excruciating Intoxication
100186 | Geh:7    | Identified the +7 sceptre of Asmodeus
100186 | Geh:7    | Noticed Asmodeus
100197 | Geh:7    | Killed Asmodeus
100202 | Geh:7    | Got an obsidian rune of Zot
100615 | Hell     | Found a gateway to the decaying netherworld of Tartarus.
100697 | Hell     | Found a gateway to the freezing wastes of Cocytus.
100756 | Dis:1    | Entered Level 1 of the Iron City of Dis
101761 | Dis:3    | You are sucked into a shaft and drop 1 floor!
102285 | Dis:7    | Entered Level 7 of the Iron City of Dis
103036 | Dis:7    | Identified the +4 staff of Dispater
103036 | Dis:7    | Noticed Dispater
103054 | Dis:7    | Killed Dispater
103066 | Dis:7    | Got a pitted pewter ring
103070 | Dis:7    | Got an iron rune of Zot
103072 | Dis:7    | Identified the ring "Xyut" {*Tele rPois rF+} (You found it
                  | on level 7 of the Iron City of Dis)
103348 | Tar:1    | Entered Level 1 of Tartarus
103390 | Tar:2    | Reached skill level 27 in Invocations
103908 | Tar:5    | You are sucked into a shaft and drop 1 floor!
104124 | Tar:7    | Entered Level 7 of Tartarus
104295 | Tar:7    | Noticed an ancient lich
104305 | Tar:7    | Killed an ancient lich
104365 | Tar:7    | Noticed Ereshkigal
104400 | Tar:7    | Killed Ereshkigal
104595 | Tar:7    | Got a bone rune of Zot
104894 | Depths:4 | Voluntarily entered the Abyss.
104928 | Abyss:1  | Gained mutation: Potions are less effective at restoring
                  | your health. [a cacodemon]
105003 | Depths:4 | Escaped the Abyss
105009 | Depths:4 | Lost mutation: Potions are less effective at restoring your
                  | health. [potion of mutation]
105009 | Depths:4 | Gained mutation: Scrolls take you a little longer to read.
                  | [potion of mutation]
105009 | Depths:4 | Lost mutation: Scrolls take you a little longer to read.
                  | [potion of mutation]
105009 | Depths:4 | Gained mutation: Your spells are a little easier to cast,
                  | but a little less powerful. [potion of mutation]
105009 | Depths:4 | Gained mutation: You possess an exceptional clarity of
                  | mind. [potion of mutation]
105096 | Coc:1    | Entered Level 1 of Cocytus
105263 | Coc:1    | You are sucked into a shaft and drop 1 floor!
106133 | Coc:7    | Entered Level 7 of Cocytus
106300 | Coc:7    | Identified the +5 large shield "Lyr Kat" {rF+ SInv}
106537 | Coc:7    | Noticed Antaeus
106553 | Coc:7    | Killed Antaeus
106599 | Coc:7    | Got an icy rune of Zot
106604 | Coc:7    | Got a pair of translucent boots
107237 | Tomb:1   | Identified the ring "Kauff" {+Blink rElec MR+ Str+5}
107499 | Tomb:1   | Identified the +2 pair of boots of the Ban {rElec rCorr
                  | Str-5 Stlth+} (You found it on level 7 of Cocytus)
107503 | Tomb:2   | Noticed a greater mummy
107507 | Tomb:2   | Noticed a greater mummy
107508 | Tomb:2   | Noticed a greater mummy
107509 | Tomb:2   | Noticed a greater mummy
107538 | Tomb:2   | Killed a greater mummy
107741 | Tomb:2   | Killed a greater mummy
107815 | Tomb:2   | Killed a greater mummy
107866 | Tomb:2   | Killed a greater mummy
108065 | Tomb:2   | Noticed Sojobo
108078 | Tomb:2   | Killed Sojobo
108301 | Tomb:1   | Noticed a greater mummy
108305 | Tomb:1   | Killed a greater mummy
108331 | Tomb:1   | Noticed a greater mummy
108336 | Tomb:1   | Killed a greater mummy
108354 | Tomb:1   | Noticed a greater mummy
108359 | Tomb:1   | Killed a greater mummy
108362 | Tomb:1   | Noticed a greater mummy
108366 | Tomb:1   | Killed a greater mummy
108366 | Tomb:1   | Noticed a greater mummy
108368 | Tomb:1   | Noticed a greater mummy
108370 | Tomb:1   | Killed a greater mummy
108370 | Tomb:1   | Noticed a greater mummy
108376 | Tomb:1   | Killed a greater mummy
108378 | Tomb:1   | Killed a greater mummy
108392 | Tomb:1   | Noticed a greater mummy
108402 | Tomb:1   | Killed a greater mummy
108722 | Tomb:1   | Noticed a greater mummy
108727 | Tomb:1   | Killed a greater mummy
108746 | Tomb:1   | Noticed a greater mummy
108756 | Tomb:1   | Killed a greater mummy
108766 | Tomb:1   | Noticed a greater mummy
108771 | Tomb:1   | Killed a greater mummy
108778 | Tomb:1   | Noticed a greater mummy
108796 | Tomb:1   | Killed a greater mummy
109009 | Tomb:1   | Noticed a greater mummy
109017 | Tomb:1   | Killed a greater mummy
109066 | Tomb:1   | Noticed a greater mummy
109071 | Tomb:1   | Noticed a greater mummy
109074 | Tomb:1   | Killed a greater mummy
109084 | Tomb:1   | Killed a greater mummy
109085 | Tomb:1   | Noticed a greater mummy
109097 | Tomb:1   | Killed a greater mummy
109451 | Tomb:2   | Reached skill level 27 in Evocations
109468 | Tomb:2   | Reached skill level 1 in Throwing
109666 | Tomb:3   | Entered Level 3 of the Tomb of the Ancients
109673 | Tomb:3   | Noticed Mennas
109693 | Tomb:3   | Noticed a greater mummy
109697 | Tomb:3   | Noticed a greater mummy
109697 | Tomb:3   | Noticed an ancient lich
109697 | Tomb:3   | Noticed a greater mummy
109708 | Tomb:3   | Noticed an ancient lich
109708 | Tomb:3   | Noticed a greater mummy
109709 | Tomb:3   | Noticed a greater mummy
109710 | Tomb:3   | Noticed a greater mummy
109723 | Tomb:3   | Reached skill level 5 in Throwing
109728 | Tomb:3   | Killed a greater mummy
109734 | Tomb:3   | Killed an ancient lich
109738 | Tomb:3   | HP: 13/273 [bennu (10)]
109738 | Tomb:3   | Slain by Mennas

Levels and vault maps discovered:
D:1:      dpeg_arrival_lava_altar, layout_rooms,
          nemelex_xobeh_ov_fountains_minmay
D:2:      layout_basic, lemuel_doored_altar, serial_glass, glass_columns_c,
          glass_columns_a, glass_columns_a, glass_columns_b, glass_columns_b,
          glass_columns_a, uniq_sigmund, uniq_robin
D:3:      layout_rooms, lemuel_round_altar, gammafunk_temple_overflow_wave,
          lemuel_blue_sif_altar, serial_glass, glass_columns_a, glass_columns_c,
          glass_columns_c, glass_columns_c, glass_columns_b,
          minmay_statues_item, uniq_ijyb, uniq_jessica, uniq_grinder,
          uniq_terence
D:4:      layout_rooms, lemuel_round_altar, minmay_temple_entry_stoned_glass,
          portal_sewer_entry_e, ebering_ghost_sewer_f, first_ration
D:5:      layout_rooms, cheibriados_altar_1, dancing_weapons_uskayaw,
          serial_shops, nicolae_shop_statue_plus
D:6:      layout_basic
D:7:      layout_basic, tso_metal_star
D:8:      layout_rooms, gammafunk_temple_overflow_statue, david_nohive_1
D:9:      layout_long_grid, erik_orc_2
D:10:     layout_basic, dpeg_lair_monsters, grunt_potential
D:11:     layout_basic, enter_bailey_7
D:12:     layout_gridville, ebering_ghost_xom, minmay_diced_spiral
D:13:     layout_long_grid, minivault_28, uniq_frances
D:14:     layout_loops_ring, grunt_vaults_entry_fortified, old_standard_altar,
          uniq_louise, uniq_agnes
D:15:     grunt_enter_depths_snipers, layout_loops_corners,
          hangedman_decor_growths, special_room [special_room_orc]
Temple:   nicolae_temple_no_exploring_needed
Lair:1:   layout_misc_corridors, basic_altar, nicolae_lair_grove_arrangements,
          serial_bayou_crossing, uniq_grum
Lair:2:   layout_gridlike, minmay_swamp_entry_worms,
          guppyfry_snake_entry_island, ebering_ghost_xom,
          minmay_lair_oklob_bushes, uniq_nergalle, uniq_urug
Lair:3:   layout_big_grid
Lair:4:   layout_cave_shapes, st_stairs_11, lemuel_fruit_fields
Lair:5:   gammafunk_lair_enchanted_lake, layout_long_grid, special_room
          [special_room_mythical_zoo], serial_bayou, serial_bayou_pond_c,
          serial_bayou_pond_b, serial_bayou_pond_b, serial_bayou_shore_b,
          serial_bayou_ford_a, serial_bayou_pond_e,
          ebering_ghost_reflecting_pool
Lair:6:   minmay_lair_end_enchanted_forest, layout_layer_cave, slime_dummy,
          ebering_ghost_funeral_grove, serial_bayou_lake_a
Swamp:1:  layout_basic_swamp, evilmike_swamp_ruin_house_2, worms_lemuel,
          infiniplex_staircase_pool_2
Swamp:2:  layout_basic_swamp, evilmike_swamp_ruin_house_5
Swamp:3:  layout_basic_swamp, nicolae_swamp_godswood
Swamp:4:  swamp_old_school, layout_basic_swamp
Snake:1:  layout_cave_shapes, basic_altar, serial_bayou_shore_b,
          grunt_megastairs_2, uniq_roxanne, uniq_asterion
Snake:2:  layout_rooms, uniq_kirke
Snake:3:  dpeg_oklob_gauntlet, layout_cave_shapes
Snake:4:  johnstein_snake_rune_scales, layout_gridlike, uniq_bai_suzhen
Slime:1:  layout_caves
Slime:2:  layout_caves, cheibrodos_slime_lost_civilization_7
Slime:3:  layout_caves
Slime:4:  layout_caves, nicolae_slime_welcoming_committee
Slime:5
Orc:1:    layout_diamond_mine, chequers_guarded_unrand_ignorance, uniq_maurice,
          uniq_erica, uniq_snorg
Orc:2:    st_orc_elflike, layout_diamond_mine, uniq_josephine
Elf:1:    layout_rooms, serial_shops, bzr_in_the_mist,
          gammafunk_ghost_tricky_traps, hangedman_elf_disciples,
          minmay_elf_demonology, uniq_azrael
Elf:2:    layout_rooms, portal_desolation_entry_ruin, serial_shops,
          nicolae_shop_temple_entry_statues_fountains
Vaults:1: v_alt_pattern_3, vaults_room_stairs_pillars, vaults_dpeg_doors,
          vaults_room_ringed_pool, hangedman_vaults_nails,
          nicolae_vaults_windows_and_doors_thing, v_misc_8, vaults_room_corners,
          nicolae_vaults_little_squares_4, v_misc_12, nicolae_vaults_big_ls,
          v_misc_11, layout_vaults_ring, serial_shops, shop_statue
Vaults:2: biasface_vaults_ghost_orc_armoury, hangedman_vaults_locks,
          vaults_room_grid, ontoclasm_vaults_twist, hangedman_vaults_trim,
          nicolae_vaults_know_your_exits, grunt_vaults_bifocal,
          nicolae_vaults_network_star, vaults_room_hallway,
          layout_vaults_omnigrid, serial_shops, shop, uniq_donald
Vaults:3: nicolae_vaults_alarming, nicolae_vaults_circle_grid_b,
          vaults_room_corners, minmay_crypt_entry_vampire_xt,
          vaults_room_hallway, vaults_dpeg_cross, dpeg_vaults_monster_row,
          nicolae_vaults_network_quinsquares
          [nicolae_vaults_network_quincunx_subvault,
          nicolae_vaults_network_quincunx_subvault,
          nicolae_vaults_network_quincunx_subvault,
          nicolae_vaults_network_quincunx_subvault],
          ontoclasm_vaults_misaligned, vaults_room_fours,
          nicolae_vaults_little_squares_1, v_misc_29,
          ontoclasm_vaults_loading_screen, layout_vaults_omnicross, basic_altar
Vaults:4: grunt_vaults_swirl, vaults_mumra_chevron, ontoclasm_vaults_bender,
          v_misc_22, nicolae_vaults_network_quincunx
          [nicolae_vaults_network_quincunx_subvault,
          nicolae_vaults_network_quincunx_subvault,
          nicolae_vaults_network_quincunx_subvault,
          nicolae_vaults_network_quincunx_subvault,
          nicolae_vaults_network_quincunx_subvault],
          nicolae_vaults_shelves_hall, v_alt_pattern_4,
          nicolae_vaults_little_squares_4, nicolae_vaults_sealed_display,
          grunt_vaults_diagonal, hangedman_vaults_trim, v_misc_28,
          nicolae_vaults_yaktaur_gun_rack, layout_vaults_omnibox
Vaults:5: serial_shops
Crypt:1:  layout_gridlike, nicolae_crypt_cryptocurrency, grunt_megastairs_3,
          uniq_khufu, uniq_jory
Crypt:2:  layout_misc_corridors
Crypt:3:  due_elkab, layout_chaotic_city, palyth_stone_intersect
Tomb:1
Tomb:2:   uniq_sojobo
Tomb:3:   uniq_mennas
Depths:1: layout_gridlike, grunt_hell_entry_dis_old, minmay_parallelograms,
          minmay_misc_feat_square, roderic_lattice_a, grunt_tower_of_power
Depths:2: minmay_octagon_city, layout_cave_shapes, enter_trove_3, serial_shops,
          shop, serial_rivers, chequers_serial_rivers_micro_c,
          chequers_serial_rivers_marsh, chequers_serial_rivers_small_a,
          chequers_serial_rivers_small_3, hell_entry, uniq_aizul
Depths:3: hangedman_arch_fort, layout_long_grid, pan_entry,
          minmay_staircase_windowed_large, hell_entry
Depths:4: kennysheep_spiral_hall, layout_basic, enter_ziggurat_f, abyss_entry,
          hangedman_decor_lopped, grunt_metal_band, rand_demon_pan_entry_7
Depths:5: evilmike_zot_entry_hall, layout_basic, chequers_serial_rivers_micro_d,
          hell_entry, uniq_saint_roka, uniq_frederick
Hell
Dis:1:    layout_overlapping_boxes
Dis:2:    layout_gridville
Dis:3:    layout_subdivisions
Dis:4:    layout_regular_city, grunt_megastairs_1
Dis:5:    layout_jigsaw
Dis:6:    layout_overlapping_boxes
Dis:7:    dis_hangedman
Geh:1:    layout_gehenna_lava_caves, special_room [special_room_morgue],
          lemuel_hellish_altar
Geh:2:    layout_gehenna_lava_caves
Geh:3:    layout_gehenna_lava_caves, nicolae_geh_amphitheater
Geh:4:    layout_gehenna_pools_triple
Geh:5:    layout_gehenna_lava_caves
Geh:6:    layout_gehenna_pools_box
Geh:7:    geh_old
Coc:1:    layout_ice_bergs
Coc:2:    layout_cocytus_water_paths
Coc:3:    layout_cocytus_water_paths
Coc:4:    layout_cocytus_water_paths
Coc:5:    layout_ice_bergs
Coc:6:    layout_ice_bergs
Coc:7:    coc_grunt
Tar:1:    layout_honeycomb
Tar:2:    layout_grid_maze
Tar:3:    layout_honeycomb
Tar:4:    layout_catacombs
Tar:5:    layout_grid_maze
Tar:6:    layout_grid_maze
Tar:7:    tar_grunt_cathedral
Zot:1:    layout_cathedral_of_symmetry
Zot:2:    layout_basic, st_stairs_10, evilmike_ambush
          [evilmike_ambush_outer_corners, evilmike_ambush_inner_basic]

Skill      XL: |  1  2  3  4  5  6  7  8  9 10 11 12 13 14 15 16 17 18 19 20 21 22 23 24 25 26 27 |
---------------+----------------------------------------------------------------------------------+-----
Polearms       | 4 5 6 7 8 9 11 12 23 | 23.0
Fighting       | 4 5 6 7 8 10 12 13 14 16 19 20 21 22 23 24 25 26 27 | 27.0
Armour         | 3 4 5 7 8 10 11 12 14 16 18 19 20 21 22 24 25 27 | 27.0
Evocations     | 2 3 4 6 7 8 9 10 14 15 27 | 27.0
Dodging        | 3 5 6 7 9 10 11 14 16 18 20 22 23 27 | 27.0
Axes           | 3 4 7 11 14 16 18 20 22 25 | 25.3
Invocations    | 11 15 27 | 27.0
Throwing       | 7 |  7.3

Action                   |  1- 3 |  4- 6 |  7- 9 | 10-12 | 13-15 | 16-18 | 19-21 | 22-24 | 25-27 || total
-------------------------+-------+-------+-------+-------+-------+-------+-------+-------+-------++-------
Melee: Spear             |    78 |    52 |       |       |       |       |       |       |       ||   130
       Headbutt          |     8 |    19 |    98 |   111 |   208 |   294 |   263 |   386 |  1719 ||  3106
       Trident           |       |    97 |   451 |    37 |       |       |       |       |       ||   585
       Halberd           |       |       |    68 |   466 |    71 |       |       |       |       ||   605
       Great mace        |       |       |       |     1 |       |       |       |       |       ||     1
       Bardiche          |       |       |       |     8 |       |       |       |       |  2682 ||  2690
       Battleaxe         |       |       |       |   128 |  1069 |  1115 |   986 |  1205 |   782 ||  5285
       Glaive            |       |       |       |       |     3 |       |       |       |       ||     3
       Executioner's axe |       |       |       |       |       |       |       |       |  3111 ||  3111
Throw: Stone             |       |       |     4 |    26 |     3 |       |       |       |       ||    33
       Javelin           |       |       |       |       |    15 |    10 |       |     9 |    18 ||    52
Invok: Berserk           |     1 |     3 |    10 |    26 |    18 |    17 |    12 |    10 |     1 ||    98
       Trog's Hand       |       |     1 |       |     1 |       |     1 |     1 |     4 |       ||     8
       Brothers in Arms  |       |       |       |       |     1 |       |     2 |       |       ||     3
       Donate Gold       |       |       |       |       |       |       |       |       |    10 ||    10
       Vitalisation      |       |       |       |       |       |       |       |       |    21 ||    21
       Recite            |       |       |       |       |       |       |       |       |    39 ||    39
       Sanctuary         |       |       |       |       |       |       |       |       |     7 ||     7
       Imprison          |       |       |       |       |       |       |       |       |     3 ||     3
       Cleansing Flame   |       |       |       |       |       |       |       |       |    80 ||    80
       Divine Shield     |       |       |       |       |       |       |       |       |    31 ||    31
       Summon Divine War |       |       |       |       |       |       |       |       |    25 ||    25
 Abil: Stop Flying       |       |       |       |       |       |       |     2 |     2 |       ||     4
       Evoke Flight      |       |       |       |       |       |       |     1 |     2 |     1 ||     4
       Evoke Invisibilit |       |       |       |       |       |       |       |       |    16 ||    16
Evoke: Wand              |       |       |       |     1 |     4 |    10 |     9 |    19 |    35 ||    78
       Phial of floods   |       |       |       |       |       |       |     1 |       |     2 ||     3
       Lightning rod     |       |       |       |       |       |       |       |     1 |     8 ||     9
       Sack of spiders   |       |       |       |       |       |       |       |       |     4 ||     4
       Lamp of fire      |       |       |       |       |       |       |       |       |     1 ||     1
       Phantom mirror    |       |       |       |       |       |       |       |       |     1 ||     1
  Use: Scroll            |       |       |       |    28 |    13 |     9 |     7 |    19 |    95 ||   171
       Potion            |       |       |       |     3 |       |       |       |     4 |    89 ||    96
 Stab: Sleeping          |     1 |       |       |       |       |       |       |       |       ||     1
       Paralysed         |       |       |       |     2 |       |       |     2 |       |     8 ||    12
       Petrifying        |       |       |       |       |     1 |       |       |       |       ||     1
       Confused          |       |       |       |       |       |     4 |       |       |    19 ||    23
       Distracted        |       |       |       |       |       |       |     2 |       |     2 ||     4
       Invisible         |       |       |       |       |       |       |       |       |    82 ||    82
       Held in net/web   |       |       |       |       |       |       |       |       |     2 ||     2
  Eat: Chunk             |     1 |     7 |    25 |    40 |    58 |    23 |    26 |    22 |    13 ||   215
       Ration            |       |       |     4 |     3 |     1 |     8 |     3 |     5 |    59 ||    83
Armor: Animal skin       |     7 |       |       |       |       |       |       |       |       ||     7
       Scale mail        |       |    33 |    31 |       |    26 |    66 |       |       |       ||   156
       Plate armour      |       |       |   200 |   312 |   703 |       |   533 |   373 |       ||  2121
       Swamp dragon scal |       |       |       |       |       |   455 |    48 |       |       ||   503
       Gold dragon scale |       |       |       |       |       |       |       |   276 |  3363 ||  3639
Dodge: Dodged            |    41 |    43 |   193 |   283 |   771 |  1054 |   695 |   825 |  4683 ||  8588
Block: Other             |       |       |       |       |       |       |       |       |   512 ||   512
